 Dungeon Crawl Stone Soup version 0.30-a0-782-ge64f9170bb (webtiles) character file.

Game seed: 6194966006879406681

4230 grulll the Skirmisher (level 10, -1/124 HPs)
             Began as a Barachi Hunter on Feb 23, 2023.
             Was a Follower of Uskayaw.
             Slain by a freezing wraith (6 damage)
             ... on level 7 of the Dungeon.
             The game lasted 00:38:18 (5189 turns).

grulll the Skirmisher (Barachi Hunter)              Turns: 5189, Time: 00:38:18

Health: -1/124     AC: 25    Str: 13    XL:     10   Next: 30%
Magic:  11/11      EV:  2    Int: 10    God:    Uskayaw [*.....]
Gold:   448        SH:  0    Dex: 19    Spells: 8/10 levels left

rFire   + . .      SeeInvis .    a - +1 shortbow
rCold   + . .      Faith    .    (shield currently unavailable)
rNeg    . . .      Spirit   .    (body armour currently unavailable)
rPois   +          Reflect  .    (helmet currently unavailable)
rElec   +          Harm     .    (cloak currently unavailable)
rCorr   +          Rampage  .    (gloves currently unavailable)
Will    +....      NoTele   +    (boots currently unavailable)
Stlth   ++                       n - amulet of the acrobat
HPRegen 0.40/turn                e - ring of willpower
MPRegen 0.12/turn                (no ring)

@: tree-form (expiring), resistant, slowed, very slow
A: stationary, stasis, torment immunity, boosted hp, (amphibious), (slowness 1),
(strong legs 1), +LOS, (camouflage 1)
a: Renounce Religion, Stomp


You were on level 7 of the Dungeon.
You worshipped Uskayaw.
Uskayaw was noncommittal.
You were a tree.
You visited 1 branch of the dungeon, and saw 7 of its levels.
You also visited: Ossuary.

You collected 496 gold pieces.
You spent 48 gold pieces at shops.

Inventory:

Hand Weapons
 a - a +1 shortbow (weapon)
Armour
 d - a +0 helmet
 l - a +0 cloak (melded)
 m - a +4 ring mail (melded)
 o - a +0 pair of boots (melded)
 s - a +1 robe of fire resistance
 u - the +0 helmet of Wappox (melded) {rF- rCorr Dex+7}
   (You took it off Robin on level 3 of the Dungeon)

   Dex:       It affects your dexterity (+7).
   rF:        It makes you vulnerable to fire.
   rCorr:     It protects you from acid and corrosion.
Jewellery
 e - a ring of willpower (left branch)
 n - an amulet of the acrobat (around neck)
Wands
 i - a wand of roots (13)
 x - a wand of flame (13)
Scrolls
 c - a scroll of magic mapping
 j - 3 scrolls of enchant weapon
 p - a scroll of poison
 q - a scroll of amnesia
 r - 2 scrolls of fog
 w - a scroll of teleportation
Potions
 f - 3 potions of cancellation
 g - a potion of brilliance
 k - 2 potions of mutation


   Skills:
 * Level 9.2 Fighting
 * Level 12.1 Ranged Weapons
 + Level 2.8 Armour
 + Level 3.2 Dodging
 - Level 1.0 Stealth
 * Level 0.7 Spellcasting
 * Level 0.9 Translocations
 * Level 3.8 Evocations


You had 8 spell levels left.
You knew the following spells:

 Your Spells              Type           Power      Damage    Failure   Level
a - Blink                 Tloc           4%         N/A       36%         2

Your spell library contained the following spells:

 Spells                   Type           Power      Damage    Failure   Level
 Apportation              Tloc           4%         N/A       24%         1
 Magic Dart               Conj           0%         1d3       34%         1
 Lesser Beckoning         Tloc           4%         N/A       36%         2
 Momentum Strike          Conj/Tloc      2%         3d8       41%         2
 Searing Ray              Conj           0%         2d4       47%         2
 Tukima's Dance           Hex            0%         N/A       71%         3
 Passage of Golubria      Tloc           2%         N/A       94%         4
 Fulminant Prism          Conj/Hex       0%         3d5       98%         4
 Alistair's Intoxication  Tmut/Pois      0%         N/A       100%        5
 Blade Hands              Tmut           0%         N/A       100%        5
 Irradiate                Conj/Tmut      0%         3d11      100%        5
 Yara's Violent Unravell  Hex/Tmut       0%         3d3       100%        5
 Dragon Form              Tmut           0%         N/A       100%        7


Dungeon Overview and Level Annotations

Branches:
Dungeon (7/15)             Temple (0/1) D:6         Ossuary (visited)

Altars:
Makhleb
Nemelex Xobeh
Ru
Sif Muna
Uskayaw
Vehumet
Wu Jian
Xom
Yredelemnul
Zin

Shops:
D:4 !

Annotations:
D:4 2 runed translucent doors, kuniqs's ghost, amateur MeGl


Innate Abilities, Weirdness & Mutations

You are a tree.
Your roots penetrate the ground, keeping you stationary.
You cannot be teleported.
You are immune to unholy pain and torment.
Your maximum health is greatly increased.
Your equipment is partially melded.
((You are amphibious.))
((You cover ground slowly.))
((You can hop short distances.))
You have an extended range of vision and can be seen from far away.
((Your skin changes colour to match your surroundings (Stealth+).))


Message History

The freezing wraith hits you!
* * * LOW HITPOINT WARNING * * *
The freezing wraith drains your vigour!
You feel as though you will be slow longer.
The freezing wraith hits you.
* * * LOW HITPOINT WARNING * * *
The freezing wraith freezes you. You resist.
* * * LOW HITPOINT WARNING * * *
The freezing wraith hits you but does no damage.
You feel better.
The freezing wraith hits you but does no damage. x2
You feel better.
Your transformation is almost over.
The freezing wraith hits you but does no damage. x2
The freezing wraith hits you!
* * * LOW HITPOINT WARNING * * *
The freezing wraith freezes you. You resist.
* * * LOW HITPOINT WARNING * * *
The freezing wraith hits you but does no damage.
As you read the scroll labelled ABLIASCHOEMM, it crumbles to dust.
You cannot blink because you are held in place by your roots.
It was a scroll of blinking.
The freezing wraith hits you but does no damage.
The freezing wraith hits you.
* * * LOW HITPOINT WARNING * * *
Fire: a) +1 shortbow
Press: ? - help, Q - select action, (/) - cycle Shift-Dir - straight line, f/p - freezing wraith
Aim: a freezing wraith (71% to hit)
Okay, then.
Okay, then.
You cannot teleport because you are held in place by your roots.
Aiming: Throw Flame
Press: ? - help, Shift-Dir - straight line, f - freezing wraith, p - freezing wraith
Aim: a freezing wraith (heavily damaged, 71% to hit)
The puff of flame hits the freezing wraith.
The freezing wraith is burned terribly!
The freezing wraith is heavily damaged.
The freezing wraith hits you but does no damage. x3
The freezing wraith hits you.
You die...

........[............<#...#
######...######...#)......#
#......#.# #........).....#
#.P.P..#.#
#..............#######
#.._....<#
#.....................
..P......#
####...#........######
#.....#.## #...#..).....# #
#..####†# #...#..[.....## #
#.#####)#
##♣########...#####
......).#
#.W4W.............
#######)#
####5#####...##### ####†#
#5....##.## # #....#
**##''''#### # #.##.#
******#5.........#****#
#.##.#
*~,................,,,~
#.##.#
**#........#~~#....,,**
#.##.#
*~...##..#~~##~..##,,,~


You could see an ice devil, 2 freezing wraiths and a white imp.

Vanquished Creatures
  Pikel (D:6)
  Grinder (D:4)
  12 yaks
  A water moccasin (D:5)
  An orc warrior (D:7)
  An ice beast (D:6)
  An ogre (D:4)
  A black bear (D:5)
  A lemure (D:5)
  Blork the orc (D:6)
  5 scorpions
  4 killer bees (D:7)
  2 hounds (D:5)
  4 orc priests
  A gnoll bouda (D:6)
  5 jellies
  2 iguanas (D:5)
  8 mummies (Ossuary)
  Robin (D:3)
  10 gnolls (D:6)
  7 adders
  4 white imps
  2 worms (D:2)
  A dart slug (D:1)
  20 orcs
  6 ball pythons
  2 endoplasms
  A giant cockroach (D:4)
  A gnoll zombie (Ossuary)
  12 goblins
  9 hobgoblins
  2 jackals (D:1)
  5 bats
  3 frilled lizards
  2 hobgoblin zombies (Ossuary)
  6 kobolds
  5 orc zombies (Ossuary)
  5 rats
156 creatures vanquished.

Vanquished Creatures (others)
  A withered plant (D:7)
1 creature vanquished.

Grand Total: 157 creatures vanquished

Notes
Turn   | Place    | Note
-------+----------+-------------------------------------------
     0 | D:1      | grulll the Barachi Hunter began the quest for the Orb.
     0 | D:1      | Reached XP level 1. HP: 17/17 MP: 1/1
   256 | D:1      | Reached XP level 2. HP: 23/23 MP: 2/2
   785 | D:2      | Reached XP level 3. HP: 25/28 MP: 3/3
   826 | D:2      | Reached skill level 5 in Ranged Weapons
  1387 | D:3      | Found an ornate altar of the Wu Jian Council.
  1551 | D:3      | Reached skill level 1 in Stealth
  1668 | D:3      | Reached XP level 4. HP: 34/34 MP: 4/4
  1697 | D:3      | Found a shimmering altar of Xom.
  1698 | D:3      | Found a burning altar of Makhleb.
  1698 | D:3      | Found a sacrificial altar of Ru.
  1698 | D:3      | Found a shimmering blue altar of Sif Muna.
  1698 | D:3      | Found a radiant altar of Vehumet.
  1723 | D:3      | Found a glowing silver altar of Zin.
  1848 | D:3      | Identified the +0 helmet of Wappox {rF- rCorr Dex+7}
  1848 | D:3      | Noticed Robin
  1862 | D:3      | Killed Robin
  1960 | D:3      | Gained mutation: You possess an exceptional clarity of
                  | mind. [potion of mutation]
  1960 | D:3      | Lost mutation: You possess an exceptional clarity of mind.
                  | [potion of mutation]
  1960 | D:3      | Gained mutation: Your skin changes colour to match your
                  | surroundings (Stealth+). [potion of mutation]
  2014 | D:3      | Reached XP level 5. HP: 40/40 MP: 5/5
  2016 | D:3      | Reached skill level 6 in Ranged Weapons
  2240 | D:4      | Noticed an ogre
  2257 | D:4      | Found a sand-covered staircase.
  2260 | D:4      | Noticed Grinder
  2271 | D:4      | Paralysed by Grinder for 2 turns
  2289 | Ossuary  | Entered an ossuary
  2368 | Ossuary  | Reached XP level 6. HP: 47/47 MP: 6/6
  2611 | D:4      | Reached skill level 7 in Ranged Weapons
  2656 | D:4      | Paralysed by Grinder for 4 turns
  2660 | D:4      | Killed Grinder
  2661 | D:4      | Reached XP level 7. HP: 35/54 MP: 7/7
  2779 | D:4      | Found Pud Tye's Distillery.
  2792 | D:4      | Bought a potion of degeneration for 12 gold pieces
  2792 | D:4      | Bought a potion of curing for 36 gold pieces
  2856 | D:4      | Noticed kuniqs's ghost (amateur MeGl)
  2857 | D:4      | Found a large runed translucent door.
  2858 | D:4      | Found a large runed translucent door.
  3051 | D:4      | Found a hide-covered altar of Uskayaw.
  3064 | D:4      | Became a worshipper of Uskayaw the Reveller
  3177 | D:5      | Entered Level 5 of the Dungeon
  3179 | D:5      | Reached * piety under Uskayaw
  3181 | D:5      | Reached skill level 8 in Ranged Weapons
  3192 | D:5      | Reached ** piety under Uskayaw
  3194 | D:5      | Reached skill level 5 in Fighting
  3196 | D:5      | Reached *** piety under Uskayaw
  3216 | D:5      | Reached skill level 1 in Armour
  3324 | D:5      | Reached XP level 8. HP: 57/62 MP: 8/8
  3383 | D:5      | Reached skill level 9 in Ranged Weapons
  3716 | D:6      | Noticed a yak
  3722 | D:6      | Noticed a yak
  3723 | D:6      | Noticed a yak
  3724 | D:6      | Noticed a yak
  3724 | D:6      | Noticed a yak
  3724 | D:6      | Reached **** piety under Uskayaw
  3725 | D:6      | Noticed a yak
  3734 | D:5      | Killed a yak
  3795 | D:6      | Noticed Blork the orc
  3834 | D:5      | Killed a yak
  3835 | D:5      | Reached skill level 10 in Ranged Weapons
  3908 | D:6      | Killed a yak
  3917 | D:5      | Reached ***** piety under Uskayaw
  3921 | D:5      | Killed a yak
  3922 | D:5      | Reached XP level 9. HP: 53/71 MP: 4/9
  4232 | D:6      | Reached skill level 1 in Evocations
  4265 | D:6      | Killed Blork the orc
  4345 | D:6      | Found a staircase to the Ecumenical Temple.
  4362 | D:6      | Reached skill level 11 in Ranged Weapons
  4494 | D:6      | Noticed Pikel
  4503 | D:6      | Killed Pikel
  4525 | D:6      | Found a sparkling altar of Nemelex Xobeh.
  4879 | D:7      | Found a basalt altar of Yredelemnul.
  4929 | D:7      | Reached XP level 10. HP: 54/82 MP: 10/10
  5020 | D:7      | Learned a level 2 spell: Blink
  5076 | D:7      | Reached skill level 12 in Ranged Weapons
  5182 | D:7      | HP: 5/124 [freezing wraith (11)]
  5188 | D:7      | HP: 5/124 [freezing wraith (3)]
  5189 | D:7      | Slain by a freezing wraith

Illustrated notes

Levels and vault maps discovered:
D:1:      scummos_arrival_gate, layout_loops_ring
D:2:      layout_basic
D:3:      layout_loops_corners, nzn_wu_jian_contemplation, lemuel_round_altar,
          grunt_temple_overflow_open, minmay_misc_feat_encased, uniq_robin
D:4:      layout_cave_pools, lemuel_coloured_pillars_altar, serial_shops,
          nicolae_diamond_shop, ebering_ghost_disaster_area,
          nicolae_ossuary_entry_monument, minmay_misc_feat_more_columns,
          uniq_grinder
D:5:      layout_cave_pools
D:6:      layout_rooms, mainiacjoe_overflow_concentric_impassable,
          minmay_temple_entry_slanted, hangedman_decor_lopped, minmay_holes,
          sigmund_army, uniq_pikel, uniq_blork_the_orc
D:7:      layout_loops_ring, yredelemnul_altar_generic,
          hellmonk_guarded_unrand_frostbite, uniq_crazy_yiuf_cottage,
          uniq_joseph

Skill      XL: |  1  2  3  4  5  6  7  8  9 10 |
---------------+-------------------------------+-----
Ranged Weapons | 5 6 7 8 10 11 12 | 12.1
Stealth        | 1 |  1.0
Fighting       | 3 4 5 6 8 9 |  9.2
Armour         | 1 2 |  2.8
Evocations     | 3 |  3.8
Dodging        | 3 |  3.2
Spellcasting   | |  0.7
Translocations | |  0.9

Action                     |  1- 3 |  4- 6 |  7- 9 | 10-12 || total
---------------------------+-------+-------+-------+-------++-------
   Fire: Shortbow          |   107 |   138 |   260 |    51 ||   556
 Invoke: Line Pass         |       |       |     3 |       ||     3
Ability: Hop               |     1 |     4 |     5 |     1 ||    11
  Evoke: Wand              |       |       |     1 |     1 ||     2
    Use: Scroll            |     2 |     6 |     1 |     6 ||    15
         Potion            |     1 |     5 |     1 |     9 ||    16
 Armour: Leather armour    |    11 |    17 |       |       ||    28
         Animal skin       |       |     3 |       |       ||     3
         Ring mail         |       |       |    28 |     3 ||    31
         Skin              |       |       |       |    65 ||    65
  Dodge: Dodged            |    33 |    37 |    51 |    18 ||   139

Table legend: (Time is in decaauts)
 A = Elapsed time spent in this place.
 B = Non-inter-level travel time spent in this place.
 C = Inter-level travel time spent in this place.
 D = Time resting spent in this place.
 E = Time spent auto-exploring this place.
 F = Levels seen in this place.
 G = Mean time per level.
                   A        B        C        D        E       F      G
               +--------+--------+--------+--------+--------+-----+--------+
         Total |   5941 |   5604 |    337 |    148 |   4199 |   8 |  742.6 |
       Dungeon |   5629 |   5292 |    337 |    100 |   4047 |   7 |  804.1 |
       Ossuary |    312 |    312 |      0 |     48 |    151 |   1 |  312.0 |
               +--------+--------+--------+--------+--------+-----+--------+

Top non-repeatable levels by time:
     D:5: 1104 daAuts
     D:3: 1029 daAuts
     D:1: 813 daAuts
     D:2: 773 daAuts
     D:4: 768 daAuts
     D:6: 682 daAuts
     D:7: 458 daAuts
 Ossuary: 312 daAuts
